 Dungeon Crawl Stone Soup version 0.29.1-4-g47bece8355 (webtiles) character file.

Game seed: 12457644027264394616

91 sanboga the Ruffian (level 4, 0/40 HPs)
             Began as a Ghoul Monk on Dec 6, 2022.
             Slain by a gnoll
             ... wielding a +0 whip
              (6 damage)
             ... on level 3 of the Dungeon.
             The game lasted 00:02:18 (2688 turns).

sanboga the Ruffian (Ghoul Monk)                    Turns: 2688, Time: 00:02:18

Health: 0/40       AC:  5    Str: 16    XL:     4   Next: 59%
Magic:  3/3        EV: 12    Int:  5    God:
Gold:   174        SH:  0    Dex: 11    Spells: 3/3 levels left

rFire   . . .      SeeInvis .     - Unarmed
rCold   + . .      Faith    .   (no shield)
rNeg    + + +      Spirit   .   a - +0 robe
rPois   ∞          Reflect  .   (no helmet)
rElec   .          Harm     .   (no cloak)
rCorr   .          Rampage  .   (no gloves)
Will    .....                   l - +2 pair of boots
Stlth   ++........              h - amulet of regeneration
HPRegen 0.00/turn               (no ring)
MPRegen 0.08/turn               (no ring)

@: inhibited regen
A: claws 1, cold resistance 1, negative energy resistance 3, inhibited
regeneration, torment resistance 2, devour on kill
a: no special abilities


You were on level 3 of the Dungeon.
You visited 1 branch of the dungeon, and saw 4 of its levels.

You collected 174 gold pieces.

Inventory:

Armour
 a - a +0 robe (worn)
 l - a +2 pair of boots (worn)
Jewellery
 h - an amulet of regeneration (around neck)
Scrolls
 e - 3 scrolls of identify {unknown}
 f - a scroll of teleportation {unknown}
 g - a scroll of blinking {unknown}
 i - a scroll of noise {unknown}
 j - 2 scrolls of butterflies {unknown}
 k - a scroll of torment {unknown}
 p - a scroll of fear {unknown}
 q - 2 scrolls of silence {unknown}
Potions
 b - a potion of ambrosia
 c - a potion of mutation {unknown}
 d - a potion of lignification {unknown}
 m - a potion of haste {unknown}
 n - 2 potions of magic {unknown}
 o - 2 potions of brilliance {unknown}
 r - a potion of invisibility {unknown}


   Skills:
 + Level 4.0 Fighting
 + Level 3.3 Dodging
 - Level 2.1 Stealth
 * Level 4.7 Unarmed Combat


You had 3 spell levels left.
You didn't know any spells.
Your spell library contained the following spells:

 Spells                   Type           Power      Damage    Failure   Level
 Foxfire                  Conj/Fire      0%         2x1d4     47%         1
 Conjure Flame            Conj/Fire      0%         6-21      85%         3
 Inner Flame              Hex/Fire       0%         N/A       85%         3
 Cause Fear               Hex            0%         N/A       99%         4
 Flame Wave               Conj/Fire      0%         2d4       99%         4
 Discord                  Hex            0%         N/A       100%        8


Dungeon Overview and Level Annotations

Branches:
Dungeon (4/15)
 Temple: D:4-7

Altars:


Innate Abilities, Weirdness & Mutations

You are immune to poison.
You have sharp fingernails.
Your flesh is cold resistant. (rC+)
You are immune to negative energy. (rN+++)
You do not regenerate when monsters are visible.
You are immune to unholy pain and torment.
You thrive by killing the living.


Message History

Found a stone staircase leading up.
A gnoll comes into view. It is wielding a +0 flail.
A gnoll is nearby! 3 gnolls come into view.
Found a stone staircase leading down.
The gnoll shouts! x2
A kobold comes into view.
It is wielding a +0 whip and quivering poisoned darts.
The kobold shouts!
The gnoll shouts!
You scratch the gnoll.
The gnoll is lightly wounded.
You scratch the gnoll.
The gnoll is moderately wounded.
The kobold throws a poisoned dart.
The poisoned dart hits you! The gnoll hits you with a +0 whip!
You claw the gnoll!
The gnoll is almost dead.
The gnoll hits you with a +0 flail. The gnoll closely misses you.
You completely miss the gnoll.
The gnoll is almost dead.
The gnoll hits you from afar with a +0 spear.
The gnoll misses you. The gnoll hits you but does no damage.
You barely miss the gnoll.
The gnoll is almost dead.
The gnoll hits you from afar with a +0 spear!
The gnoll barely misses you. The gnoll hits you but does no damage.
The gnoll hits you with a +0 whip.
You are too injured to fight recklessly!
You are too injured to fight recklessly!
You are too injured to fight recklessly!
The gnoll attacks as you move away! The gnoll closely misses you.
There is a stone staircase leading up here.
The gnoll hits you with a +0 whip.
* * * LOW HITPOINT WARNING * * *
You climb upwards.
There is a stone staircase leading down here.
You scratch the gnoll but do no damage. The gnoll barely misses you.
You closely miss the gnoll. The gnoll hits you with a +0 whip.
* * * LOW HITPOINT WARNING * * *
You closely miss the gnoll. The gnoll hits you with a +0 whip.
You die...

##################
#........#.......#
#.######.#.####.##
############.######.#.# #.#
................@##.#.# #.#
############.###g##.#.# #.#
..........##.# #.##.#.# #.#
..........##.###.##.#.####.##
..........##.#..(##.#.......#
........####...#.##.######.##
........####..##.##........#
........#........#########.#
...........#...............#


You could see a gnoll.

Vanquished Creatures
  An orc wizard (D:3)
  A worm (D:2)
  2 orcs (D:3)
  4 ball pythons
  9 bats
  2 endoplasms (D:2)
  4 giant cockroaches
  4 goblins
  9 hobgoblins
  4 jackals (D:2)
  5 quokkas
  2 frilled lizards (D:2)
  4 kobolds
  3 rats
54 creatures vanquished.

Notes
Turn   | Place    | Note
-------+----------+-------------------------------------------
     0 | D:1      | sanboga the Ghoul Monk began the quest for the Orb.
     0 | D:1      | Reached XP level 1. HP: 19/19 MP: 0/0
    39 | D:1      | Found a faded altar of an unknown god.
   235 | D:1      | Reached XP level 2. HP: 26/26 MP: 1/1
  1079 | D:2      | Reached XP level 3. HP: 28/31 MP: 2/2
  1880 | D:3      | Reached XP level 4. HP: 29/40 MP: 3/3
  2688 | D:3      | Slain by a gnoll

Illustrated notes

Levels and vault maps discovered:
D:1:      heliophobic_arrival_henge, layout_basic,
          shapermc_ecumenical_altar_starsandcircs, minmay_door_square,
          bh_walls_and_bars
D:2:      layout_loops_ring, kennysheep_potato
D:3:      layout_basic, ebering_dispersal_statue_hall
D:4:      layout_layer_cave, kennysheep_generic_room_5

Skill      XL: |  1  2  3  4 |
---------------+-------------+-----
Dodging        | 3 |  3.3
Unarmed Combat | 4 |  4.7
Fighting       | 4 |  4.0
Stealth        | |  2.1

Action                   |  1- 3 |  4- 6 || total
-------------------------+-------+-------++-------
Melee: Unarmed           |   127 |    47 ||   174
       Punch             |       |     2 ||     2
 Stab: Sleeping          |     3 |     3 ||     6
Armor: Robe              |    27 |    11 ||    38
Dodge: Dodged            |    88 |    31 ||   119
